 Dungeon Crawl Stone Soup version 0.28.0-45-g0d030f2227 (webtiles) character file.

Game seed: 2771662357083806217

5005 Icepheonix32 the Fighter (level 10, -2/80 (82) HPs)
             Began as a Demonspawn Fighter on Apr 7, 2022.
             Was a Priest of Okawaru.
             Killed from afar by an acid dragon (29 damage)
             ... with a splash of acid
             ... on level 8 of the Dungeon.
             The game lasted 00:10:33 (7011 turns).

Icepheonix32 the Fighter (Demonspawn Fighter)       Turns: 7011, Time: 00:10:33

HP:   -2/80 (82)    AC: 11    Str: 21    XL:     10   Next: 29%
MP:   15/15         EV: 14    Int:  9    God:    Okawaru [***...]
Gold: 531           SH:  0    Dex: 13    Spells: 9/9 levels left

rFire   . . .      SeeInvis .   B - +2 quarterstaff (spect)
rCold   . . .      Faith    .   (shield currently unavailable)
rNeg    . . .      Spirit   .   d - +0 troll leather armour {Pargi}
rPois   +          Reflect  .   (no helmet)
rElec   .          Harm     .   e - +0 cloak
rCorr   .          Rampage  .   t - +0 pair of gloves
Will    .....                   z - +0 pair of boots
Stlth   ++........              (no amulet)
HPRegen 1.03/turn               g - ring of poison resistance
MPRegen 0.14/turn               (no ring)

@: lightly drained
A: thin metallic scales 2, spiny 2, weakness stinger 1
a: Renounce Religion, Heroism


You were on level 8 of the Dungeon.
You worshipped Okawaru.
Okawaru was most pleased with you.
You visited 2 branches of the dungeon, and saw 9 of its levels.
You also visited: Sewer and Ossuary.

You collected 641 gold pieces.
You spent 110 gold pieces at shops.

Inventory:

Hand Weapons
 a - a +1 long sword
 B - a +2 spectral quarterstaff (weapon)
Missiles
 y - 6 poisoned darts (quivered)
 E - 3 boomerangs of dispersal
Armour
 b - a +0 scale mail
 c - a +0 buckler
 d - a +0 troll leather armour (worn) {Pargi}
 e - a +0 cloak (worn)
 t - a +0 pair of gloves (worn)
 z - a +0 pair of boots (worn)
Magical Staves
 G - a staff of fire
Jewellery
 g - a ring of poison resistance (left hand)
Wands
 x - a wand of polymorph (17)
 C - a wand of flame (41)
 F - a wand of iceblast (2)
Scrolls
 f - a scroll of silence {unknown}
 h - a scroll of fog
 i - a scroll of summoning
 m - 2 scrolls of vulnerability
 s - 2 scrolls of amnesia
 u - a scroll of brand weapon {unknown}
 v - 2 scrolls of magic mapping
 w - 3 scrolls of teleportation
 D - 2 scrolls of immolation
Potions
 j - a potion of berserk rage {unknown}
 k - a potion of attraction
 l - 4 potions of curing
 n - a potion of heal wounds
 o - a potion of cancellation {unknown}
 p - a potion of resistance
 q - 2 potions of haste
 r - 3 potions of brilliance
 A - a potion of experience {unknown}


   Skills:
 * Level 8.5 Fighting
 - Level 4.4 Long Blades
 + Level 5.2 Staves
 + Level 1.6 Throwing
 + Level 5.0 Armour
 * Level 6.0 Dodging
 + Level 2.5 Stealth
 + Level 3.6 Shields
 * Level 6.8 Invocations


You had 9 spell levels left.
You didn't know any spells.
Your spell library contained the following spells:

 Spells                   Type           Power      Damage    Failure   Level
 Beastly Appendage        Tmut           0%         N/A       43%         1
 Wereblood                Tmut           0%         N/A       56%         2
 Gell's Gravitas          Tloc           0%         N/A       80%         3
 Lesser Beckoning         Tloc           0%         N/A       80%         3
 Portal Projectile        Hex/Tloc       0%         N/A       80%         3
 Spider Form              Tmut/Pois      0%         N/A       80%         3
 Teleport Other           Tloc           0%         N/A       80%         3
 Leda's Liquefaction      Hex/Erth       0%         N/A       99%         4
 Call Canine Familiar     Summ           Unusable   N/A       N/A         3

Dungeon Overview and Level Annotations

Branches:
Dungeon (8/15)             Temple (1/1) D:4           Sewer (visited)
Ossuary (visited)
   Lair: D:8-11

Altars:
Ashenzari
Cheibriados
Dithmenos
Elyvilon
Fedhas
Gozag
Hepliaklqana
Kikubaaqudgha
Makhleb
Nemelex Xobeh
Okawaru
Qazlal
Ru
Sif Muna
Trog
Uskayaw
Vehumet
Wu Jian
Xom
Yredelemnul
Zin
The Shining One

Shops:
D:6 *


Innate Abilities, Weirdness & Mutations

You are mostly covered in thin metallic scales. (AC +3)
You are mostly covered in sharp spines.
You have a small tail.


Message History

Your Dodging skill increases to level 6!
The hound barks!
You sock the hound!
You kill the hound!
Okawaru accepts your kill.
You hear a shout! x2
The wolf bites you.
The wight hits you with a +0 great sword.
You feel drained.
An acid dragon comes into view.
The wolf is struck by your spines. The wolf bites you.
The electric eel shoots out a bolt of lightning at you!
The bolt of electricity hits you!
Your life force feels restored.
The acid dragon roars!
You hit the wolf.
Your tail-slap misses the wolf.
The wolf is moderately wounded.
Your +2 spectral quarterstaff closely misses the wolf.
The wolf is struck by your spines. The wolf completely misses you.
The wight is struck by your spines.
The wight hits you with a +0 great sword!
You feel drained. The wolf barely misses you.
An orc comes into view. It is wielding a +0 club.
The wolf is struck by your spines. The wolf bites you.
The orc shouts!
You hit the wolf but do no damage.
The wolf is severely wounded.
Your +2 spectral quarterstaff hits the wolf!
You kill the wolf!
Okawaru accepts your kill. The wight is struck by your spines.
The wight closely misses you.
Your life force feels restored.
The electric eel shoots out a bolt of lightning at you!
The bolt of electricity hits you! The wight is struck by your spines.
The wight hits you with a +0 great sword.
You feel drained. The acid dragon spits acid at you.
The splash of acid hits you!!
You die...

..................≈≈≈≈..≈≈≈≈
..................≈≈≈≈≈.≈≈h≈
#..##............≈..≈≈≈.≈≈≈≈
#..##.........##...≈≈Dh.≈≈≈≈
##.......<#...##..≈.≈≈≈.S.≈≈
...#######....##..≈†≈h≈.S.≈≈
...#######....##.....†≈...≈.
.............##......†......
.#...........##.@...z.......
.................z....##....
...............#......# ...
......#........#......... ..
......................... .
......#.#.................
.......#.................#
.#.#.#...#######....
......... ...


You could see an acid dragon (catching breath), 2 hounds and 2 wights.

Vanquished Creatures
  2 two-headed ogres
  A troll (D:8)
  Prince Ribbit (D:5)
  6 yaks (D:6)
  Menkaure (D:5)
  2 water moccasins
  Pargi (Sewer)
  3 sky beasts
  2 orc warriors
  An ogre (D:4)
  An ice beast (D:7)
  3 wolves (D:8)
  A centaur (D:7)
  A phantom (D:6)
  2 scorpions
  A howler monkey (D:7)
  A centaur zombie (D:6)
  4 hounds
  A human zombie (Ossuary)
  A jelly (D:5)
  3 orc priests
  Terence (D:3)
  5 iguanas
  4 orc wizards
  A killer bee zombie (D:5)
  2 mummies (Ossuary)
  A howler monkey zombie (D:7)
  4 gnolls (D:5)
  10 adders
  A river rat (D:3)
  A howler monkey skeleton (D:7)
  2 shadow imps
  2 white imps
  2 ufetubi
  3 adder skeletons (D:4)
  2 dart slugs
  31 orcs
  8 ball pythons
  7 endoplasms
  4 giant cockroaches
  2 gnoll zombies (Ossuary)
  11 goblins
  3 hobgoblins
  8 jackals
  13 kobolds
  3 quokkas
  5 bats
  5 frilled lizards
  3 hobgoblin zombies (Ossuary)
  8 orc zombies (Ossuary)
  7 rats
198 creatures vanquished.

Notes
Turn   | Place    | Note
-------+----------+-------------------------------------------
     0 | D:1      | Icepheonix32 the Demonspawn Fighter began the quest for the
                  | Orb.
     0 | D:1      | Reached XP level 1. HP: 18/18 MP: 1/1
   318 | D:1      | Gained mutation: You have a small tail. [demonic ancestry]
   318 | D:1      | Reached XP level 2. HP: 14/24 MP: 2/2
   442 | D:1      | Found a faded altar of an unknown god.
   931 | D:1      | Gained mutation: You are partially covered in sharp spines.
                  | [demonic ancestry]
   931 | D:1      | Reached XP level 3. HP: 27/29 MP: 3/3
  1329 | D:2      | Reached XP level 4. HP: 20/37 MP: 4/4
  1514 | D:2      | Found a blossoming altar of Fedhas.
  1849 | D:3      | Noticed Terence
  1858 | D:3      | Killed Terence
  1877 | D:3      | Reached skill level 4 in Fighting
  1934 | D:3      | Reached XP level 5. HP: 23/42 MP: 5/5
  1939 | D:3      | Found a glowing drain.
  1944 | Sewer    | Entered a sewer
  2134 | Sewer    | Noticed Pargi
  2141 | Sewer    | Killed Pargi
  2142 | Sewer    | Reached skill level 1 in Dodging
  2470 | D:3      | Gained mutation: You are partially covered in thin metallic
                  | scales. (AC +2) [demonic ancestry]
  2470 | D:3      | Reached XP level 6. HP: 49/49 MP: 6/6
  3302 | D:4      | Gained mutation: You are mostly covered in thin metallic
                  | scales. (AC +3) [demonic ancestry]
  3302 | D:4      | Reached XP level 7. HP: 28/55 MP: 7/7
  3552 | D:4      | Found a staircase to the Ecumenical Temple.
  3587 | Temple   | Entered the Ecumenical Temple
  3908 | Temple   | Became a worshipper of Warmaster Okawaru
  4278 | D:5      | Entered Level 5 of the Dungeon
  4288 | D:5      | Reached skill level 5 in Fighting
  4288 | D:5      | Reached skill level 1 in Invocations
  4404 | D:5      | Noticed Menkaure
  4411 | D:5      | Killed Menkaure
  4412 | D:5      | Reached skill level 1 in Stealth
  4505 | D:5      | Reached XP level 8. HP: 64/64 MP: 9/9
  4528 | D:5      | Reached * piety under Okawaru
  4668 | D:5      | Reached skill level 6 in Fighting
  4728 | D:5      | Noticed Prince Ribbit
  4736 | D:5      | Killed Prince Ribbit
  5078 | D:6      | Reached skill level 1 in Staves
  5100 | D:6      | Reached ** piety under Okawaru
  5114 | D:6      | Reached skill level 7 in Fighting
  5114 | D:6      | Reached skill level 1 in Throwing
  5114 | D:6      | Gained mutation: You are mostly covered in sharp spines.
                  | [demonic ancestry]
  5114 | D:6      | Reached XP level 9. HP: 20/72 MP: 12/12
  5118 | D:6      | Reached skill level 5 in Invocations
  5177 | D:6      | Noticed a two-headed ogre
  5184 | D:6      | Killed a two-headed ogre
  5185 | D:6      | Reached skill level 5 in Dodging
  5286 | D:6      | Found a sand-covered staircase.
  5311 | Ossuary  | Entered an ossuary
  5439 | D:6      | Identified the +8 giant spiked club of Responsibility
                  | {vorpal, rPois}
  5467 | D:6      | Reached skill level 8 in Fighting
  5467 | D:6      | Reached *** piety under Okawaru
  5476 | D:6      | Found Xifuvvurr's General Store.
  5491 | D:6      | Bought a potion of degeneration for 10 gold pieces
  5491 | D:6      | Bought a potion of haste for 100 gold pieces
  5935 | D:7      | Noticed a two-headed ogre
  5951 | D:7      | Killed a two-headed ogre
  5952 | D:7      | Reached XP level 10. HP: 36/80 MP: 14/14
  6723 | D:7      | Found a shimmering altar of Xom.
  7001 | D:8      | Reached skill level 5 in Staves
  7001 | D:8      | Reached skill level 5 in Armour
  7011 | D:8      | Killed from afar by an acid dragon

Illustrated notes

Levels and vault maps discovered:
D:1:      eino_arrival_druids_welcome, layout_basic,
          hellmonk_ecumenical_altar_prayer_group
D:2:      layout_basic, basic_altar
D:3:      layout_loops_cross, gup_sewer_entry_bowl, chequers_decorated_corner,
          minmay_misc_feat_roman, uniq_terence
D:4:      layout_basic, minmay_temple_entry_glass
D:5:      layout_cave_pods, uniq_prince_ribbit1, uniq_menkaure
D:6:      layout_cave_pools, nicolae_ossuary_entry_monument, serial_shops,
          nicolae_shop_waterfront
D:7:      layout_basic, overflow_temple_1_default,
          minmay_fractal_squares_gapless_5
D:8:      layout_basic, erik_lair_island, hangedman_decor_riveting
Temple:   mainiacjoe_temple_archimedes_tessellation

Skill      XL: |  1  2  3  4  5  6  7  8  9 10 |
---------------+-------------------------------+-----
Long Blades    | 2 3 4 |  4.4
Shields        | 3 |  3.6
Armour         | 3 4 5 |  5.0
Fighting       | 4 5 7 8 |  8.5
Dodging        | 1 2 4 5 6 |  6.0
Invocations    | 2 4 6 |  6.8
Stealth        | 1 2 |  2.5
Staves         | 2 4 5 |  5.2
Throwing       | 1 |  1.6

Action                   |  1- 3 |  4- 6 |  7- 9 | 10-12 || total
-------------------------+-------+-------+-------+-------++-------
Melee: Long sword        |    76 |   125 |    53 |       ||   254
       Tailslap          |     3 |    15 |    28 |     4 ||    50
       Quarterstaff      |       |       |   106 |    20 ||   126
Throw: Dart              |       |       |    10 |       ||    10
  Use: Scroll            |       |     3 |    10 |     2 ||    15
       Potion            |       |     2 |     4 |       ||     6
 Stab: Sleeping          |       |     1 |       |       ||     1
       Distracted        |       |       |     1 |       ||     1
Armor: Scale mail        |    41 |    32 |       |       ||    73
       Troll leather arm |       |    21 |    31 |     6 ||    58
       Skin              |       |     5 |     2 |       ||     7
Dodge: Dodged            |    37 |    42 |    82 |    21 ||   182
Block: Buckler           |    17 |    24 |     8 |       ||    49
